 Dungeon Crawl Stone Soup version 0.29-a0-317-gd16b76e6b1 (webtiles) character file.

Game seed: 2157498955464305378

47 Dabor the Insei (level 3, -1/26 HPs)
             Began as a Demonspawn Transmuter on Apr 1, 2022.
             Slain by a goblin
             ... wielding a +2 dagger of protection
              (4 damage)
             ... on level 2 of the Dungeon.
             The game lasted 00:02:14 (1598 turns).

Dabor the Insei (Demonspawn Transmuter)             Turns: 1598, Time: 00:02:14

Health: -1/26      AC:  3    Str: 10    XL:     3   Next: 48%
Magic:  6/6        EV: 12    Int: 22    God:
Gold:   23         SH:  0    Dex: 13    Spells: 2/6 levels left

rFire   . . .      SeeInvis +     - Unarmed
rCold   . . .      Faith    .   (no shield)
rNeg    . . .      Spirit   .   a - +0 robe
rPois   .          Reflect  .   (helmet currently unavailable)
rElec   .          Harm     .   g - +0 cloak
rCorr   .          Rampage  .   (no gloves)
Will    .....                   (boots currently unavailable)
Stlth   +.........              e - amulet of magic regeneration
HPRegen 0.08/turn               c - ring of see invisible
MPRegen 0.50/turn               f - +6 ring of intelligence

@: appendages, wereblooded
A: horns 2, talons 2, claws 1
a: End Transformation


You were on level 2 of the Dungeon.
You had temporarily grown beastly horns and talons.
You visited 1 branch of the dungeon, and saw 2 of its levels.

You collected 23 gold pieces.

Inventory:

Armour
 a - a +0 robe (worn)
 g - a +0 cloak (worn)
Jewellery
 c - a ring of see invisible (left claw)
 e - an amulet of magic regeneration (around neck)
 f - a +6 ring of intelligence (right claw)
 j - a ring of ice
Scrolls
 h - a scroll of identify {unknown}
 l - a scroll of vulnerability {unknown}
Potions
 b - a potion of lignification
 d - a potion of cancellation {unknown}
 i - a potion of curing {unknown}
 k - a potion of attraction {unknown}


   Skills:
 - Level 1.3 Fighting
 + Level 2.3 Dodging
 - Level 3.0 Unarmed Combat
 - Level 2.1 Spellcasting
 + Level 1.0 Conjurations
 - Level 2.0 Transmutations
 + Level 0.8 Fire Magic


You had 2 spell levels left.
You knew the following spells:

 Your Spells              Type           Power      Damage    Failure   Level
a - Beastly Appendage     Tmut           22%        N/A       6%          1
b - Wereblood             Tmut           11%        N/A       9%          2
c - Foxfire               Conj/Fire      24%        2x1d5     9%          1

Your spell library contained the following spells:

 Spells                   Type           Power      Damage    Failure   Level
 Conjure Flame            Conj/Fire      6%         6-21      26%         3
 Spider Form              Tmut/Pois      6%         N/A       26%         3
 Inner Flame              Hex/Fire       4%         N/A       34%         3
 Flame Wave               Conj/Fire      6%         2d5       65%         4
 Ice Form                 Ice/Tmut       6%         N/A       65%         4


Dungeon Overview and Level Annotations

Branches:
Dungeon (2/15)

Altars:


Innate Abilities, Weirdness & Mutations

You have temporarily grown beastly horns and talons.
You have sharp fingernails.


Message History

Your transformation is almost over.
The goblin hits you with a +2 dagger of protection.
Your foxfire dissipates!
You barely miss the goblin.
You scratch the goblin but do no damage.
Your kick misses the goblin. The goblin misses you.
You barely miss the goblin. Your headbutt misses the goblin.
The goblin hits you but does no damage.
You completely miss the goblin. Your kick misses the goblin.
The goblin hits you with a +2 dagger of protection.
You closely miss the goblin.
You headbutt the goblin, but do no damage.
The goblin hits you with a +2 dagger of protection.
You barely miss the goblin. You claw the goblin, but do no damage.
The goblin hits you with a +2 dagger of protection.
* * * LOW HITPOINT WARNING * * *
Casting: Foxfire (safe; 9% risk of failure)
Confirm with . or Enter, or press ? or * to list all spells.
You extend your transformation's duration.
The goblin barely misses you.
You barely miss the goblin. Your headbutt misses the goblin.
The goblin barely misses you.
You closely miss the goblin. Your headbutt misses the goblin.
The goblin hits you but does no damage.
You barely miss the goblin. Your kick misses the goblin.
You headbutt the goblin.
The goblin is moderately wounded.
The goblin hits you but does no damage.
You closely miss the goblin. Your kick misses the goblin.
Your headbutt misses the goblin.
The goblin is moderately wounded.
The goblin barely misses you.
You closely miss the goblin. You headbutt the goblin.
The goblin is severely wounded.
The goblin hits you with a +2 dagger of protection.
* * * LOW HITPOINT WARNING * * *
You closely miss the goblin. Your headbutt misses the goblin.
The goblin is severely wounded.
The goblin hits you with a +2 dagger of protection.
You die...

#...###'##
##'####.#
#....#.#
####.#.#
#.#.#
#.#.#
#.#.#
#.#.# #@#
#g# #.#
#.#
+...(...#
#...#)###
#. ... ...
#....


You could see a goblin.

Vanquished Creatures
  3 dart slugs (D:1)
  4 bats (D:1)
  6 endoplasms (D:1)
  6 goblins (D:1)
  2 hobgoblins (D:1)
  3 jackals (D:1)
  2 quokkas (D:1)
  A ball python (D:1)
  2 frilled lizards (D:1)
  4 kobolds
  5 rats
38 creatures vanquished.

Vanquished Creatures (others)
  44 foxfires
44 creatures vanquished.

Grand Total: 82 creatures vanquished

Notes
Turn   | Place    | Note
-------+----------+-------------------------------------------
     0 | D:1      | Dabor the Demonspawn Transmuter began the quest for the
                  | Orb.
     0 | D:1      | Reached XP level 1. HP: 15/15 MP: 3/3
   493 | D:1      | Gained mutation: You have sharp fingernails. [demonic
                  | ancestry]
   493 | D:1      | Reached XP level 2. HP: 14/21 MP: 3/5
   690 | D:1      | Learned a level 2 spell: Wereblood
   692 | D:1      | Learned a level 1 spell: Foxfire
   809 | D:1      | Reached skill level 3 in Unarmed Combat
   809 | D:1      | Reached XP level 3. HP: 23/26 MP: 0/6
  1050 | D:1      | Found a faded altar of an unknown god.
  1400 | D:1      | Reached skill level 1 in Conjurations
  1598 | D:2      | Slain by a goblin

Illustrated notes

Levels and vault maps discovered:
D:1:      spicycebolla_arrival_xxxplode, layout_loops_ring,
          shapermc_ecumenical_altar_totnotflames
D:2:      layout_basic

Skill      XL: |  1  2  3 |
---------------+----------+-----
Dodging        | 2 |  2.3
Transmutations | 2 |  2.0
Unarmed Combat | 3 |  3.0
Conjurations   | 1 |  1.0
Fighting       | |  1.3
Spellcasting   | |  2.1
Fire Magic     | |  0.8

Action                   || total
-------------------------++-------
Melee: Unarmed           ||    77
       Kick              ||    13
       Headbutt          ||     9
       Punch             ||     1
 Cast: Beastly Appendage ||    14
       Foxfire           ||    33
       Wereblood         ||     3
  Use: Scroll            ||     1
 Stab: Sleeping          ||     2
Armor: Robe              ||     7
Dodge: Dodged            ||    40

Table legend: (Time is in decaauts)
 A = Elapsed time spent in this place.
 B = Non-inter-level travel time spent in this place.
 C = Inter-level travel time spent in this place.
 D = Time resting spent in this place.
 E = Time spent auto-exploring this place.
 F = Levels seen in this place.
 G = Mean time per level.
                   A        B        C        D        E       F      G
               +--------+--------+--------+--------+--------+-----+--------+
         Total |   1599 |   1592 |      7 |      0 |   1310 |   2 |  799.5 |
       Dungeon |   1599 |   1592 |      7 |      0 |   1310 |   2 |  799.5 |
               +--------+--------+--------+--------+--------+-----+--------+

Top non-repeatable levels by time:
     D:1: 1495 daAuts
     D:2: 104 daAuts
